 Dungeon Crawl Stone Soup version 0.23-a0-79-gaa8cc03057 (webtiles) character file.

28 LLavrengius the Insei (level 3, -3/24 HPs)
             Began as an Octopode Transmuter on Aug 12, 2018.
             Slain by a goblin
             ... wielding a +0 club
              (5 damage)
             ... on level 2 of the Dungeon.
             The game lasted 00:03:18 (1332 turns).

LLavrengius the Insei (Octopode Transmuter)         Turns: 1332, Time: 00:03:19

Health: -3/24      AC:  1    Str:  9    XL:     3   Next: 14%
Magic:  6/6        EV: 19    Int: 16    God:
Gold:   94         SH:  0    Dex: 17    Spells: 5/6 levels left

rFire    . . .     SeeInvis .   o - +2 dagger (speed)
rCold    . . .     Gourm    .   (no shield)
rNeg     . . .     Faith    .   (helmet restricted)
rPois    .         Spirit   .   (no amulet)
rElec    .         Reflect  .   (no ring)
rCorr    .         Harm     .   (no ring)
MR       .....                  (no ring)
Stlth    ++++......             (no ring)
HPRegen  0.08/turn              (no ring)
MPRegen  0.10/turn              (no ring)
                                (no ring)
                                (no ring)

@: agile, lethally poisoned (-3 -> -8), hasted, very quick
A: almost no armour, stealthy swim, amphibious, 8 rings, constrict 8, camouflage
1, gelatinous body 1
a: no special abilities


You were on level 2 of the Dungeon.
You were not hungry.

You visited 1 branch of the dungeon, and saw 2 of its levels.

You collected 94 gold pieces.

Inventory:

Hand Weapons
 m - a +0 hunting sling
 o - a +2 dagger of speed (weapon)
Missiles
 a - 12 arrows
 e - 39 stones (quivered)
 g - 9 poisoned needles
 l - a throwing net
 n - 5 needles of confusion
Scrolls
 b - 6 scrolls of identify {unknown}
 d - 3 scrolls of enchant weapon {unknown}
 f - 3 scrolls of remove curse {unknown}
 h - a scroll of random uselessness {unknown}
 k - 2 scrolls of teleportation {unknown}
Potions
 i - a potion of agility
 j - a potion of haste
Comestibles
 c - 6 rations
 p - a chunk of flesh


   Skills:
 + Level 1.8 Fighting
 - Level 2.0 Dodging
 + Level 3.4 Unarmed Combat
 - Level 2.0 Spellcasting
 + Level 2.6 Transmutations


You had 5 spell levels left.
You knew the following spells:

 Your Spells              Type           Power        Failure   Level  Hunger
a - Beastly Appendage     Tmut           #.....       7%          1    #......

Your spell library contained the following spells:

 Spells                   Type           Power        Failure   Level  Hunger
 Spider Form              Tmut/Pois      #.........   36%         3    ###....
 Blade Hands              Tmut           #.........   89%         5    ######.
 Ice Form                 Ice/Tmut       #.......     77%         4    #####..
 Sticks to Snakes         Tmut           #.......     11%         2    ###....


Dungeon Overview and Level Annotations

Branches:
Dungeon (2/15)

Altars:


Innate Abilities, Weirdness & Mutations

You cannot wear most types of armour.
You are very stealthy in the water. (Stealth+)
You are amphibious.
You can wear up to eight rings at the same time.
You can use your tentacles to constrict eight enemies at once.
Your skin changes colour to match your surroundings (Stealth+).
Your rubbery body absorbs attacks. (AC +1, EV +1)


Message History

* * * LOW HITPOINT WARNING * * *
The hobgoblin hits you.
* * * LOW HITPOINT WARNING * * *
You hit the adder but do no damage.
The adder is almost dead.
You constrict the adder. The adder closely misses you.
The hobgoblin closely misses you.
You hit the adder.
You kill the adder!
You have reached level 3!
Your experience leads to an increase in your attributes!
Increase (S)trength, (I)ntelligence, or (D)exterity?
You feel clever.
It was a potion of agility.
You feel agile all of a sudden.
* * * LOW HITPOINT WARNING * * *
You feel sick. The hobgoblin closely misses you.
It was a potion of haste.
You feel yourself speed up. The goblin hits you with a club.
You die...

.....#######
#.#
...........#
##.##
.....#####.#
#...# .....#
###.#.###
.....#
###...#...#
#.#.##
...#####.#
#.#.#
###...#...#
#.#.#
#...#.#.#######
#.#..
#g@..#.......#
#.###
#g##########.#
#.# #. #.# ..
... .. ##.. .)
##. .. #.


You could see a hobgoblin and a goblin.

Vanquished Creatures
  An adder (D:2)
  2 ball pythons
  2 goblins (D:1)
  A hobgoblin (D:1)
  5 bats
  3 frilled lizards
  4 kobolds
  3 rats (D:2)
21 creatures vanquished.

Vanquished Creatures (others)
  A fungus (D:2)
1 creature vanquished.

Grand Total: 22 creatures vanquished

Notes
Turn   | Place    | Note
-------+----------+-------------------------------------------
     0 | D:1      | LLavrengius the Octopode Transmuter began the quest for the Orb.
     0 | D:1      | Reached XP level 1. HP: 13/13 MP: 3/3
   432 | D:1      | Reached XP level 2. HP: 16/18 MP: 5/5
  1330 | D:2      | Reached XP level 3. HP: 3/24 MP: 6/6
  1332 | D:2      | Slain by a goblin

Vault maps used:
D:1:      dpeg_arrival_simpleton_c, grunt_decor_cap
D:2:      chequers_ecumenical_altar_island, uniq_crazy_yiuf_cottage

Action                   || total
-------------------------++-------
Melee: Unarmed           ||    27
       Constrict         ||     8
       Tentacles         ||     2
       Kick              ||     1
       Dagger            ||    12
       Punch             ||     1
 Fire: Hunting sling     ||    10
 Cast: Beastly Appendage ||     2
  Use: Potion            ||     2
 Stab: Sleeping          ||     5
  Eat: Chunk             ||     1
Armor: Skin              ||     2
Dodge: Dodged            ||    27

Table legend:
 A = Non-vault XP
 B = Vault XP
 C = Vault XP percentage of total XP
 D = Non-vault monster count
 E = Vault monster count
 F = Vault count percentage of total count
 G = Total turns spent on level
                 A         B        C        D         E       F
            +---------+---------+-------+---------+---------+-------
      Total |      41 |       0 |   0.0 |      21 |       0 |   0.0
            +---------+---------+-------+---------+---------+-------
        D:1 |      20 |       0 |   0.0 |      13 |       0 |   0.0
        D:2 |      21 |       0 |   0.0 |       8 |       0 |   0.0
            +---------+---------+-------+---------+---------+-------
